 Dungeon Crawl Stone Soup version v1.0-3-g0d6430d (webtiles) character file.

507 Jacco the Firebug (level 6, -12/43 HPs)
             Began as a Bodach Fire Elementalist on Oct 19, 2018.
             Killed from afar by an orc wizard (16 damage)
             ... with a puff of flame
             ... on level 4 of the Dungeon.
             The game lasted 00:23:57 (4160 turns).

Jacco the Firebug (Bodach Fire Elementalist)        Turns: 4160, Time: 00:23:57

Health: -12/43     AC: 10    Str:  8    XL:     6   Next: 97%
Magic:  3/12       EV: 12    Int: 16    God:
Gold:   124        SH:  0    Dex: 12    Spells: 7/13 levels left

rFire    x . .     SeeInvis .   f - +1 short sword
rCold    + . .     Gourm    .   (no shield)
rNeg     . . .     Faith    .   a - +0 robe
rPois    .         Spirit   .   o - +0 helmet
rElec    .         Reflect  .   (no cloak)
rCorr    .         Harm     .   e - +0 pair of gloves
MR       .....                  g - +0 pair of boots
Stlth    ++++......             d - amulet of regeneration
HPRegen  0.54/turn              m - ring of ice
MPRegen  0.13/turn              (no ring)

@: flying, hasted, very quick
A: aspect changes, AC +5
a: no special abilities


You were on level 4 of the Dungeon.
You were not hungry.

You visited 1 branch of the dungeon, and saw 4 of its levels.

You collected 124 gold pieces.

Inventory:

Hand Weapons
 f - a +1 short sword (weapon)
Armour
 a - a +0 robe (worn)
 e - a +0 pair of gloves (worn)
 g - a +0 pair of boots (worn)
 o - a +0 helmet (worn)
Jewellery
 d - an amulet of regeneration (around neck)
 m - a ring of ice (left hand)
Scrolls
 i - 2 scrolls of immolation
 p - a scroll of remove curse
Potions
 j - a potion of berserk rage {unknown}
 k - a potion of heal wounds {unknown}
 n - a potion of brilliance {unknown}
 q - a potion of degeneration {unknown}
Comestibles
 c - 5 rations
 l - 2 chunks of flesh


   Skills:
 - Level 1.0 Fighting
 - Level 1.0 Short Blades
 - Level 2.0 Dodging
 - Level 1.7 Stealth
 * Level 4.2 Spellcasting
 * Level 4.2 Conjurations
 + Level 4.8 Fire Magic


You had 7 spell levels left.
You knew the following spells:

 Your Spells              Type           Power        Failure   Level  Hunger
a - Flame Tongue          Conj/Fire      ###..        2%          1    None
b - Throw Flame           Conj/Fire      ###...       3%          2    ##.....
c - Conjure Flame         Conj/Fire      ###.....     8%          3    ###....


Dungeon Overview and Level Annotations

Branches:
Dungeon (4/15)
 Temple: D:4-7

Altars:
Hepliaklqana
The Shining One


Message History

Aiming: Flame Tongue (safe; 2% risk of failure)
Press: ? - help, Shift-Dir - straight line, f/p - orc wizard
Aim: an orc wizard, wielding a dagger and wearing a runed robe (moderately wounded)
The flame tongue misses the orc wizard.
The orc wizard collides with you! The orc wizard completely misses you.
The orc priest invokes the aid of Beogh against you.
Pain shoots through your body!
* * * LOW HITPOINT WARNING * * *
A jackal comes into view.
It was a potion of flight.
You feel very buoyant.
You fly up into the air.
The orc wizard collides with you!
The orc wizard hits you but does no damage. x2
The orc priest calls upon Beogh to heal the orc wizard.
The orc wizard is healed somewhat.
It was a potion of haste.
You feel yourself speed up. The orc wizard collides with you! x2
The orc wizard points at you and mumbles some strange words.
The puff of flame hits you! The fire burns you terribly!
You die...

#.....# ###.....##
.........## #.........##
#..........##
#..(........###
##............###### .
##........().......#...#
#.......#####...@o....#
#)).##### #####o.oh.#
#<### ###..# .## ..# .#
# .# ## # #


You could see an orc priest, 2 orc wizards and a jackal (wandering).

Vanquished Creatures
  A bullfrog (D:3)
  2 orc priests (D:3)
  2 orc wizards
  A bullfrog skeleton (D:4)
  Jessica (D:2)
  Robin (D:2)
  9 adders
  A howler monkey skeleton (D:4)
  3 gnolls (D:4)
  An ooze (D:1)
  3 worms (D:2)
  4 dart slugs
  3 leopard geckos
  17 orcs (D:3)
  2 giant cockroaches (D:1)
  15 goblins
  13 hobgoblins
  A quokka (D:3)
  4 ball pythons
  10 bats
  4 frilled lizards
  A giant cockroach zombie (D:2)
  10 kobolds
  8 rats
117 creatures vanquished.

Notes
Turn   | Place    | Note
-------+----------+-------------------------------------------
     0 | D:1      | Jacco the Bodach Fire Elementalist began the quest for the Orb.
     0 | D:1      | Reached XP level 1. HP: 13/13 MP: 3/3
   384 | D:1      | Reached XP level 2. HP: 19/19 MP: 3/5
  1246 | D:1      | Reached XP level 3. HP: 21/24 MP: 6/6
  1767 | D:2      | Learned a level 2 spell: Throw Flame
  1771 | D:2      | Learned a level 3 spell: Conjure Flame
  2136 | D:2      | Reached XP level 4. HP: 27/31 MP: 4/8
  2265 | D:2      | Found a hazy altar of Hepliaklqana.
  2269 | D:2      | Noticed Robin
  2464 | D:2      | Killed Robin
  2560 | D:2      | Noticed Jessica
  2569 | D:2      | Killed Jessica
  2569 | D:2      | Reached skill level 1 in Fighting
  2569 | D:2      | Reached XP level 5. HP: 23/37 MP: 4/9
  2572 | D:2      | Reached skill level 1 in Short Blades
  3220 | D:3      | Reached XP level 6. HP: 43/43 MP: 8/11
  3267 | D:3      | Found a glowing golden altar of the Shining One.
  4160 | D:4      | Killed from afar by an orc wizard

Skill      XL: |  1  2  3  4  5  6 |
---------------+-------------------+-----
Conjurations   | 2 3 4 |  4.2
Spellcasting   | 3 4 |  4.2
Fighting       | 1 |  1.0
Short Blades   | 1 |  1.0
Fire Magic     | 4 |  4.8
Dodging        | |  2.0
Stealth        | |  1.7

Action                   |  1- 3 |  4- 6 || total
-------------------------+-------+-------++-------
Melee: Unarmed           |     9 |       ||     9
       Club              |     3 |       ||     3
       Dagger            |    39 |       ||    39
       Short sword       |    26 |    30 ||    56
 Cast: Flame Tongue      |    57 |    85 ||   142
       Throw Flame       |       |     8 ||     8
  Use: Scroll            |       |     5 ||     5
       Potion            |       |     2 ||     2
 Stab: Sleeping          |     1 |       ||     1
  Eat: Chunk             |     5 |     7 ||    12
Armor: Robe              |    25 |    34 ||    59
Dodge: Dodged            |    68 |    41 ||   109
